 Dungeon Crawl Stone Soup version 0.19.4-8-ga85b6b9 (webtiles) character file.

8501 Wardy1 the Blocker (level 11, -3/104 HPs)
             Began as a Hill Orc Fighter on Feb 7, 2017.
             Was a High Priest of Kikubaaqudgha.
             Slain by a seven-headed hydra (6 damage)
             ... on level 11 of the Dungeon on Feb 8, 2017.
             The game lasted 00:40:37 (11486 turns).

Wardy1 the Blocker (Hill Orc Fighter)              Turns: 11486, Time: 00:40:40

Health: -3/104     AC: 12    Str: 23      XL:     11   Next: 31%
Magic:  0/13       EV: 12    Int:  8      God:    Kikubaaqudgha [*****.]
Gold:   508        SH:  0    Dex: 12 (13) Spells: 1 memorised, 12 levels left

rFire  . . .     SeeInvis .     K - +5 battleaxe
rCold  . . .     Gourm    .     l - +0 mottled dragon scales
rNeg   . . .     Faith    .     (shield currently unavailable)
rPois  .         Spirit   +     u - +1 helmet
rElec  .         Reflect  .     o - +0 cloak
rCorr  .         Harm     .     p - +0 pair of gloves
MR     .....                    C - +0 pair of boots
Stlth  +.........               y - amulet of guardian spirit
                                s - +3 ring of dexterity
                                j - +2 ring of evasion

@: no status effects
A: robust 1, screaming 1
a: Receive Corpses, Torment, Renounce Religion


You were on level 11 of the Dungeon.
You worshipped Kikubaaqudgha.
Kikubaaqudgha was extremely pleased with you.
You were very hungry.

You visited 1 branch of the dungeon, and saw 11 of its levels.

You collected 508 gold pieces.

Inventory:

Hand Weapons
 K - a +5 battleaxe (weapon)
Armour
 l - +0 mottled dragon scales (worn)
 o - a +0 cloak (worn)
 p - a +0 pair of gloves (worn)
 u - a +1 helmet (worn)
 C - a +0 pair of boots (worn)
 Y - a +2 troll leather armour
Jewellery
 d - an uncursed ring of protection from cold
 j - a +2 ring of evasion (left hand)
 s - a +3 ring of dexterity (right hand)
 x - an uncursed amulet of guardian spirit
 y - an amulet of guardian spirit (around neck)
 B - an uncursed ring of protection from cold
 M - an uncursed ring of resist corrosion
Wands
 c - a wand of iceblast (8/15)
 D - a wand of acid (13/15)
Scrolls
 b - a scroll of fog
 h - 5 scrolls of teleportation
 k - 2 scrolls of magic mapping
 m - 6 scrolls of remove curse
 q - a scroll of amnesia
 v - 8 scrolls of identify
 F - a scroll of recharging
Potions
 a - a potion of heal wounds
 e - a potion of resistance {unknown}
 g - 3 potions of curing
 n - a potion of might
 L - a potion of flight
 S - a potion of brilliance {unknown}
 U - a potion of mutation {unknown}
Books
 i - a book of Minor Magic

   Spells                             Type                      Level
   a - Magic Dart                     Conjuration                  1
   b - Blink                          Translocation                2
   c - Call Imp                       Summoning                    2
   d - Repel Missiles                 Charms/Air                   2
   e - Slow                           Hexes                        2
   f - Conjure Flame                  Conjuration/Fire             3
   g - Mephitic Cloud                 Conjuration/Poison/Air       3
 t - Kikubaaqudgha's Grimoire of Darkness
   (Kikubaaqudgha gifted it to you on level 3 of the Dungeon)

   Spells                             Type                      Level
   a - Animate Skeleton               Necromancy                   1
   b - Corpse Rot                     Necromancy                   2
   c - Sublimation of Blood           Necromancy                   2
   d - Regeneration                   Charms/Necromancy            3
   e - Control Undead                 Necromancy                   4
 H - Kikubaaqudgha's Incunabulum of Darkness
   (Kikubaaqudgha gifted it to you on level 6 of the Dungeon)

   Spells                             Type                      Level
   a - Animate Dead                   Necromancy                   4
   b - Bolt of Draining               Conjuration/Necromancy       5
   c - Agony                          Necromancy                   5
   d - Dispel Undead                  Necromancy                   5
   e - Death Channel                  Necromancy                   6
Comestibles
 f - 4 bread rations
 r - 5 meat rations
 w - 2 beef jerkies
 z - a royal jelly
 A - a slice of pizza
 I - 28 fruits


   Skills:
 * Level 8.4 Fighting
   Level 9.0 Long Blades
 * Level 9.4 Axes
 * Level 4.1 Armour
   Level 11.1 Shields
 - Level 1.7 Spellcasting
 - Level 5.8 Necromancy


You had 12 spell levels left.
You knew the following spells:

 Your Spells              Type           Power        Failure   Level  Hunger
a - Animate Skeleton      Necr           N/A          4%          1    ##.....


Dungeon Overview and Level Annotations

Branches:
Dungeon (11/15)            Temple (0/1) D:7            Lair (0/6) D:9
    Orc: D:9-12

Altars:
Cheibriados
Fedhas
Kikubaaqudgha
Nemelex Xobeh
Okawaru
Ru
Sif Muna
Trog
Uskayaw
Xom
The Shining One

Shops:
D:4 *   D:6 :

Portals:
Trove: D:10 (give +7 demon trident)


Innate Abilities, Weirdness & Mutations

You are robust. (+10% HP)
You occasionally shout uncontrollably at your foes.


Message History

You barely miss the seven-headed hydra.
The seven-headed hydra is moderately wounded.
The seven-headed hydra bites you!
* * * LOW HITPOINT WARNING * * *
The seven-headed hydra bites you.
* * * LOW HITPOINT WARNING * * *
The seven-headed hydra bites you but does no damage.
The seven-headed hydra closely misses you.
The seven-headed hydra bites you.
* * * LOW HITPOINT WARNING * * *
The seven-headed hydra bites you but does no damage.
The seven-headed hydra barely misses you.
The gnoll barely misses you. The seven-headed hydra bites you.
* * * LOW HITPOINT WARNING * * *
The seven-headed hydra barely misses you.
The seven-headed hydra bites you but does no damage.
The seven-headed hydra misses you. The seven-headed hydra bites you.
You die...
Kikubaaqudgha rasps: "You have failed me!
Welcome... death!"

#..... ###### ########.....
............. ########.....
#..... .. #..... ...
################.....
...#####.gD@................
.......#.################.##
.......#.# #.## ...)...#.#
#..# ......)#.# ### ##.#
#.....)..# #.## #.#
#......### #..## #.# #......
#...## ### #......
###....######


You could see a seven-headed hydra and a gnoll.

Vanquished Creatures
  A centaur zombie (D:11)
  The ghost of Thrillho the Thaumaturge, a novice DECj of Vehumet (D:7)
  A komodo dragon (D:9)
  2 trolls
  A two-headed ogre (D:10)
  A hippogriff (D:7)
  3 yaks (D:11)
  Menkaure (D:4)
  Edmund (D:5)
  The ghost of Tramtrist the Sneak, an amateur SpAs of Trog (D:3)
  2 sky beasts
  3 ice beasts
  3 orc warriors
  3 phantoms
  A black bear (D:9)
  6 ogres
  A necrophage (D:7)
  9 centaurs
  A crocodile (D:9)
  3 big kobolds
  6 bullfrogs
  A water moccasin zombie (D:6)
  3 scorpions
  A water moccasin skeleton (D:11)
  A howler monkey (D:4)
  11 wights
  7 electric eels (D:10)
  2 vampire bats (D:10)
  4 crimson imps
  A bullfrog zombie (D:8)
  12 orc wizards
  6 orc priests
  Crazy Yiuf (D:6)
  5 hounds
  Jessica (D:3)
  12 worker ants
  7 iguanas
  A howler monkey zombie (D:8)
  Robin (D:3)
  9 gnolls
  16 adders
  3 river rats (D:5)
  An ooze (D:2)
  An adder zombie (D:7)
  5 worms
  3 dart slugs
  4 leopard geckos
  36 orcs
  3 ball pythons
  6 giant cockroaches
  10 hobgoblins
  10 jackals
  6 quokkas
  18 bats
  A frilled lizard (D:2)
  12 goblins
  A jackal zombie (D:3)
  18 kobolds
  A leopard gecko skeleton (D:5)
  2 quokka skeletons
  16 rats
310 creatures vanquished.

Vanquished Creatures (collateral kills)
  A mottled dragon (D:9)
  An adder zombie (D:9)
2 creatures vanquished.

Vanquished Creatures (others)
  A bush (D:5)
1 creature vanquished.

Grand Total: 313 creatures vanquished

Notes
Turn   | Place    | Note
-------+----------+-------------------------------------------
     0 | D:1      | Wardy1 the Hill Orc Fighter began the quest for the Orb.
     0 | D:1      | Reached XP level 1. HP: 19/19 MP: 1/1
    70 | D:1      | Reached XP level 2. HP: 27/27 MP: 2/2
   610 | D:2      | Reached XP level 3. HP: 25/34 MP: 3/3
   853 | D:2      | Reached XP level 4. HP: 36/41 MP: 4/4
   899 | D:2      | Reached skill level 5 in Fighting
   990 | D:2      | Found an ancient bone altar of Kikubaaqudgha.
   991 | D:2      | Found a sacrificial altar of Ru.
   991 | D:2      | Found a deep blue altar of Sif Muna.
   995 | D:2      | Found a sparkling altar of Nemelex Xobeh.
  1027 | D:2      | Became a worshipper of Kikubaaqudgha
  1096 | D:2      | Noticed a moth of wrath
  1099 | D:2      | Found a bloodstained altar of Trog.
  1109 | D:2      | Reached skill level 5 in Axes
  1383 | D:2      | Reached XP level 5. HP: 48/48 MP: 5/5
  1991 | D:3      | Noticed Jessica
  1997 | D:3      | Killed Jessica
  2052 | D:3      | Noticed Tramtrist's ghost (amateur SpAs)
  2096 | D:3      | Killed Tramtrist's ghost
  2096 | D:3      | Reached XP level 6. HP: 37/57 MP: 6/6
  2106 | D:3      | Noticed Robin
  2111 | D:3      | Reached * piety under Kikubaaqudgha
  2111 | D:3      | Identified Kikubaaqudgha's Grimoire of Darkness (Kikubaaqudgha gifted it to you on level 3 of the Dungeon)
  2111 | D:3      | Received a gift from Kikubaaqudgha
  2121 | D:3      | Killed Robin
  2974 | D:4      | Reached skill level 1 in Necromancy
  2974 | D:4      | Reached XP level 7. HP: 57/62 MP: 7/7
  3006 | D:4      | Reached skill level 4 in Shields
  3348 | D:4      | Found a snail-covered altar of Cheibriados.
  3380 | D:4      | Found a hide-covered altar of Uskayaw.
  3687 | D:4      | Noticed Menkaure
  3698 | D:4      | Killed Menkaure
  3698 | D:4      | Reached skill level 5 in Shields
  3869 | D:4      | Learned a level 1 spell: Animate Skeleton
  4369 | D:4      | Found Voeck's Assorted Antiques.
  4513 | D:4      | Reached XP level 8. HP: 66/70 MP: 8/8
  4524 | D:4      | Reached ** piety under Kikubaaqudgha
  4833 | D:4      | Reached skill level 6 in Shields
  4919 | D:5      | Entered Level 5 of the Dungeon
  4923 | D:5      | Noticed Edmund
  4957 | D:5      | Killed Edmund
  4957 | D:5      | Reached skill level 7 in Shields
  5151 | D:5      | Got a faintly glowing long sword
  5152 | D:5      | Identified the +6 long sword of Fedhas's Fury {slice, Int+6} (You found it on level 5 of the Dungeon)
  5302 | D:5      | Reached skill level 8 in Shields
  5443 | D:5      | Reached skill level 1 in Long Blades
  5480 | D:5      | Reached XP level 9. HP: 60/75 MP: 6/9
  5613 | D:5      | Reached skill level 9 in Shields
  5655 | D:5      | Found a sparkling altar of Nemelex Xobeh.
  5828 | D:6      | Found Xesog's Book Shop.
  5918 | D:6      | Found a shimmering altar of Xom.
  6038 | D:6      | Reached *** piety under Kikubaaqudgha
  6038 | D:6      | Identified Kikubaaqudgha's Incunabulum of Darkness (Kikubaaqudgha gifted it to you on level 6 of the Dungeon)
  6038 | D:6      | Received a gift from Kikubaaqudgha
  6069 | D:6      | Got a thick robe
  6080 | D:6      | Identified the +2 robe of the Pits of Slime {rC+} (You found it on level 6 of the Dungeon)
  6458 | D:6      | Found a runed door.
  6462 | D:6      | Noticed Crazy Yiuf
  6468 | D:6      | Killed Crazy Yiuf
  6531 | D:7      | Reached skill level 5 in Long Blades
  6569 | D:7      | Noticed Thrillho's ghost (novice DECj)
  6585 | D:7      | Killed Thrillho's ghost
  6585 | D:7      | Reached skill level 5 in Necromancy
  6926 | D:7      | Reached XP level 10. HP: 68/84 MP: 8/10
  7316 | D:7      | Found a staircase to the Ecumenical Temple.
  7875 | D:8      | Reached **** piety under Kikubaaqudgha
  8194 | D:8      | Found a blossoming altar of Fedhas.
  8500 | D:9      | Reached skill level 10 in Shields
  8603 | D:9      | Found a glowing golden altar of the Shining One.
  8654 | D:9      | Found an iron altar of Okawaru.
  8986 | D:9      | Found a staircase to the Lair.
  9103 | D:9      | Gained mutation: You are agile. (Dex +2) [mutagenic meat]
  9105 | D:9      | Gained mutation: You are occasionally teleported next to monsters. [mutagenic meat]
  9106 | D:9      | Gained mutation: You occasionally shout uncontrollably at your foes. [mutagenic meat]
  9107 | D:9      | Gained mutation: You are dopey. (Int -2) [mutagenic meat]
  9108 | D:9      | Gained mutation: You are robust. (+10% HP) [mutagenic meat]
  9111 | D:9      | Lost mutation: You are occasionally teleported next to monsters. [potion of cure mutation]
  9111 | D:9      | Lost mutation: You are dopey. (Int -2) [potion of cure mutation]
  9111 | D:9      | Lost mutation: You are agile. (Dex +2) [potion of cure mutation]
  9388 | D:10     | Entered Level 10 of the Dungeon
  9713 | D:10     | Reached skill level 1 in Spellcasting
  9910 | D:10     | Found a portal to a secret trove of treasure.
 10019 | D:10     | Reached skill level 11 in Shields
 10032 | D:10     | Reached ***** piety under Kikubaaqudgha
 10032 | D:10     | Reached XP level 11. HP: 62/101 MP: 8/13
 10998 | D:11     | Found a glowing golden altar of the Shining One.
 11471 | D:11     | Noticed a four-headed hydra
 11479 | D:11     | HP: 4/104 [seven-headed hydra (4)]
 11486 | D:11     | HP: 3/104 [seven-headed hydra (3)]
 11486 | D:11     | Slain by a seven-headed hydra

Skill      XL: |  1  2  3  4  5  6  7  8  9 10 11 |
---------------+----------------------------------+-----
Axes           | 3 4 5 7 9 |  9.4
Fighting       | 4 5 6 7 8 |  8.4
Necromancy     | 1 3 4 5 |  5.8
Shields        | 5 8 9 11 | 11.1
Long Blades    | 1 6 9 |  9.0
Spellcasting   | 1 |  1.7
Armour         | 4 |  4.1

Action                   |  1- 3 |  4- 6 |  7- 9 | 10-12 || total
-------------------------+-------+-------+-------+-------++-------
Melee: War axe           |    91 |   267 |   150 |       ||   508
       Long sword        |       |       |   178 |   259 ||   437
       Battleaxe         |       |       |       |   113 ||   113
 Cast: Animate Skeleton  |       |       |       |     9 ||     9
Invok: Receive Corpses   |       |     1 |       |       ||     1
  Use: Scroll            |       |     3 |     1 |    13 ||    17
       Potion            |       |       |     5 |     9 ||    14
 Stab: Sleeping          |       |     1 |     1 |     1 ||     3
       Distracted        |       |       |     1 |       ||     1
  Eat: Chunk             |       |     8 |     8 |    21 ||    37
       Bread ration      |       |       |     1 |       ||     1
Armor: Scale mail        |    39 |   117 |       |       ||   156
       Robe              |       |    10 |    72 |    14 ||    96
       Troll leather arm |       |       |       |    34 ||    34
       Mottled dragon sc |       |       |       |    83 ||    83
Dodge: Dodged            |    35 |   103 |   110 |   203 ||   451
Block: Shield            |    54 |   141 |   160 |   143 ||   498
       Rpst.: Long sword |       |       |    15 |    25 ||    40
